Map: Jagannatha LE

Players

Pumba - Winner!

  • Race: Zerg Zerg
  • League: Diamond
  • Spawn Location: 1:00

hollowman

  • Race: Terran Terran
  • League: Diamond
  • Spawn Location: 7:00

VOD

Have the link to the VOD?

Description

Time

  • Played on: Aug. 31, 2021, 5:36 p.m.
  • Length: 10:22
Show
View Real Time Build Order
Export as new Build Order

Pumba Zerg - Winner!

Build Orders: Pool First 

Get SALT Encoding   

  12  0:01  Drone  
  13  0:12  Overlord  
  13  0:16  Drone  
  14  0:31  Drone x2  
  16  0:38  Drone  
  16  0:42  Extractor  
  16  0:47  Spawning Pool  
  15  0:50  Drone  
  15  0:56  Drone  
  17  1:17  Hatchery  
  16  1:23  Drone  
  17  1:34  Queen  
  17  1:36  Zergling x2  
  20  1:43  Overlord  
  20  1:49  Drone  
  20  1:54  Overlord  
  21  2:01  Drone  
  21  2:05  Metabolic Boost  
  22  2:11  Drone  
  23  2:20  Queen  
  25  2:27  Drone  
  25  2:35  Lair  
  25  2:39  Drone x2  
  25  2:44  Drone, Extractor  
  26  2:47  Drone  
  26  2:49  Drone  
  29  2:57  Drone x2  
  31  3:06  Zergling x4  
  31  3:09  Queen  
  35  3:18  Drone, Overlord  
  36  3:32  Drone x6  
  42  3:36  Drone  
  42  3:41  Drone x2  
  45  3:51  Spire  
  44  3:59  Drone x2  
  46  4:06  Zergling x8  
  50  4:17  Hatchery  
  50  4:21  Overlord  
  49  4:26  Overseer  
  49  4:31  Extractor  
  48  4:32  Extractor  
  48  4:33  Overlord  
  47  4:41  Queen  
  49  4:46  Drone x3  
  52  4:57  Overlord  
  52  4:59  Overlord x2  
  52  5:16  Mutalisk x4  
  52  5:18  Mutalisk x2  
  64  5:23  Mutalisk  
  64  5:27  Drone x5  
  71  5:40  Overseer  
  69  6:02  Drone  
  69  6:03  Drone x4  
  69  6:04  Drone x4  
  78  6:05  Overseer  
  78  6:10  Overlord x3  
  78  6:12  Drone x4  
  82  6:24  Overlord  
  82  6:25  Overlord  
  82  6:26  Zerg Flyer Weapons Level 1  
  82  6:34  Extractor  
  82  6:35  Queen  
  82  6:36  Extractor  
  82  6:38  Drone x2  
  82  6:39  Drone  
  86  6:40  Drone x3  
  86  6:41  Drone x4  
  92  6:53  Hatchery  
  91  6:57  Overlord  
  91  7:02  Roach Warren  
  91  7:03  Drone x3  
  91  7:04  Baneling Nest, Drone, Evolution Chamber  
  91  7:05  Evolution Chamber  
  91  7:13  Drone x4  
  95  7:29  Hatchery  
  94  7:31  Zergling x20  
  104  7:44  Glial Reconstitution, Zerg Melee Weapons Level 1  
  104  7:45  Zerg Missile Weapons Level 1  
  104  7:49  Centrifugal Hooks  
  104  7:54  Roach x11  
  125  8:13  Overlord x4  
  125  8:17  Baneling x13  
  125  8:19  Roach x5  
  135  8:40  Zergling x6  
  135  8:41  Zergling x16  
  146  8:45  Baneling x14  
  146  9:10  Overlord x3  
  146  9:13  Zergling x22  
  146  9:14  Zergling x4  
  146  9:16  Baneling x10  
  159  9:27  Zergling x8  
  159  9:28  Zergling x8  
  167  9:35  Extractor x2  
  167  9:38  Zergling x14  
Show
View Real Time Build Order
Export as new Build Order

hollowman Terran 

Build Orders: Gas First Reaper Expand 

Get SALT Encoding   

  12  0:00  SCV  
  13  0:12  SCV  
  14  0:17  Supply Depot  
  14  0:25  SCV  
  15  0:29  Refinery  
  15  0:39  SCV  
  16  0:45  Barracks  
  16  0:51  SCV  
  17  1:03  SCV  
  18  1:15  SCV  
  19  1:32  Orbital Command  
  19  1:33  Reaper  
  20  1:48  Command Center  
  20  2:02  SCV  
  21  2:08  Factory  
  21  2:13  Barracks Reactor  
  21  2:14  SCV  
  22  2:22  Supply Depot  
  22  2:26  SCV  
  22  2:37  Refinery  
  22  2:38  SCV  
  23  2:51  SCV  
  24  2:53  Starport  
  24  2:59  Hellion x2  
  24  3:00  Barracks Tech Lab  
  24  3:03  SCV  
  29  3:06  Orbital Command  
  29  3:15  SCV  
  30  3:22  Marine  
  30  3:23  Hellion x2  
  35  3:34  Viking  
  36  3:51  Bunker  
  36  3:52  Widow Mine x2  
  40  3:59  Supply Depot  
  40  4:01  SCV, Marine  
  42  4:06  SCV  
  43  4:13  SCV  
  43  4:14  Supply Depot  
  43  4:16  Supply Depot  
  44  4:18  SCV  
  44  4:19  Marine  
  44  4:20  Banshee  
  49  4:25  SCV  
  49  4:30  SCV  
  51  4:41  SCV  
  51  4:42  Factory Tech Lab  
  52  4:48  SCV  
  52  4:51  Engineering Bay  
  53  4:53  SCV  
  53  4:59  Refinery  
  54  5:00  SCV, Refinery  
  54  5:02  Cyclone  
  61  5:09  Factory  
  61  5:13  SCV  
  59  5:16  SCV  
  60  5:21  Marine  
  60  5:25  Missile Turret  
  60  5:27  SCV  
  60  5:28  Missile Turret  
  62  5:29  Missile Turret  
  62  5:30  SCV  
  62  5:32  Missile Turret  
  63  5:37  Supply Depot  
  63  5:38  Supply Depot  
  63  5:39  Cyclone  
  63  5:40  SCV  
  67  5:44  SCV  
  60  5:54  Supply Depot  
  60  5:57  Widow Mine  
  59  6:01  Missile Turret  
  61  6:04  Widow Mine  
  61  6:06  Barracks Tech Lab  
  63  6:11  Hellion  
  63  6:12  Factory  
  63  6:15  SCV  
  63  6:17  SCV  
  63  6:18  Hellion  
  67  6:23  Factory  
  67  6:28  SCV  
  67  6:32  Cyclone  
  71  6:33  SCV  
  71  6:38  Viking  
  74  6:41  Hellion  
  74  6:42  Hellion  
  74  6:45  SCV  
  74  6:46  Supply Depot  
  79  6:58  Infernal Pre-Igniter  
  79  6:59  SCV  
  80  7:04  Cyclone  
  80  7:07  SCV, Command Center  
  84  7:10  Missile Turret  
  84  7:11  SCV  
  84  7:12  Supply Depot  
  84  7:13  Supply Depot  
  85  7:19  SCV  
  85  7:20  Cyclone  
  89  7:23  SCV  
  89  7:29  Mag-Field Accelerator  
  90  7:31  SCV  
  90  7:35  SCV  
  92  7:40  Hellion x2  
  92  7:41  Cyclone x2  
  92  7:43  SCV  
  103  7:47  SCV  
  104  7:54  Cyclone  
  104  7:55  SCV, Starport Reactor  
  104  7:56  Missile Turret  
  108  7:59  SCV  
  108  8:03  Armory  
  108  8:04  Armory  
  109  8:19  Cyclone x2, Supply Depot  
  115  8:21  Supply Depot  
  115  8:24  Widow Mine x2  
  119  8:35  Refinery  
  119  8:38  Missile Turret  
  119  8:39  Refinery  
  119  8:43  SCV  
  119  8:44  SCV  
  119  8:45  Cyclone  
  119  8:46  Missile Turret  
  124  8:52  Orbital Command  
  124  8:58  SCV  
  124  9:00  Siege Tank  
  128  9:06  Siege Tank  
  128  9:08  Hellion x2  
  135  9:10  SCV  
  136  9:19  SCV  
  136  9:21  Supply Depot x2, Siege Tank  
  140  9:26  SCV  
  141  9:32  Sensor Tower  
  141  9:36  Command Center  
  141  9:39  Sensor Tower  
  141  9:42  Siege Tank  
  141  9:43  Missile Turret  
  144  9:45  Supply Depot  
  144  9:47  Siege Tank  
  144  9:50  Hellion  
  144  9:51  Hellion  
  62  10:09  SCV  
Tags
 
Add a new tag
Caveats
  • Supply blocks, unpowered buildings, or Contaminate may cause inaccurate times.
  • Supply counts are checked every 10 seconds.